 Dungeon Crawl Stone Soup version 0.22.0-49-gab54619 (webtiles) character file.

83 Fang the Skirmisher (level 4, -1/43 HPs)
             Began as a Gargoyle Berserker on Sept 5, 2018.
             Was a Believer of Trog.
             Slain by an orc
             ... wielding a +0 mace
              (7 damage)
             ... on level 2 of the Dungeon.
             The game lasted 00:02:12 (2015 turns).

Fang the Skirmisher (Gargoyle Berserker)            Turns: 2015, Time: 00:02:13

Health: -1/43      AC:  5    Str: 26    XL:     4   Next: 44%
Magic:  4/4        EV: 12    Int:  8    God:    Trog [**....]
Gold:   130        SH:  0    Dex:  9    Spells: 3/3 levels left

rFire    . . .     SeeInvis .   a - +0 hand axe
rCold    . . .     Gourm    .   (no shield)
rNeg     + . .     Faith    .   b - +0 animal skin
rPois    ∞         Spirit   .   (no helmet)
rElec    +         Reflect  .   (no cloak)
rCorr    .         Harm     .   (no gloves)
MR       .....                  (no boots)
Stlth    ..........             (no amulet)
HPRegen  0.14/turn              (no ring)
MPRegen  0.09/turn              (no ring)

@: berserking, starving, very quick
A: negative energy resistance 1, electricity resistance, unbreathing,
petrification resistance, rot immunity, AC +3
a: Berserk, Trog's Hand, Renounce Religion


You were on level 2 of the Dungeon.
You worshipped Trog.
Trog was pleased with you.
You were starving.

You visited 1 branch of the dungeon, and saw 3 of its levels.

You collected 130 gold pieces.

Inventory:

Hand Weapons
 a - a +0 hand axe (weapon)
Armour
 b - a +0 animal skin (worn)
Jewellery
 f - an uncursed ring of flight {unknown}
 m - a cursed ring of teleportation {unknown}
Scrolls
 g - 7 scrolls of teleportation {unknown}
 h - 2 scrolls of identify {unknown}
 j - a scroll of noise {unknown}
 l - 2 scrolls of enchant armour {unknown}
Potions
 d - 2 potions of heal wounds {unknown}
 e - 2 potions of curing {unknown}
 i - a potion of haste {unknown}
 k - a potion of lignification {unknown}
 n - a potion of magic {unknown}
 o - a potion of degeneration {unknown}
Comestibles
 c - 3 rations


   Skills:
 + Level 4.0 Fighting
 + Level 3.8 Axes
 + Level 2.3 Armour
 + Level 1.9 Dodging
 + Level 0.6 Stealth


You had 3 spell levels left.
You didn't know any spells.
Your spell library was empty.

Dungeon Overview and Level Annotations

Branches:
Dungeon (3/15)

Altars:
Uskayaw


Innate Abilities, Weirdness & Mutations

You are resistant to torment.
Your stone body is resilient. (AC +3)
You are immune to poison.
You resist negative energy. (rN+)
You are resistant to electric shocks. (rElec)
You can survive without breathing.
You are immune to petrification.
You are immune to rotting.


Message History

A ball python comes into view.
The orc closely misses you. The bat barely misses you. The orc hits you.
The orc hits you with a mace. The hobgoblin closely misses you.
An orc comes into view. It is wielding a dagger.
The orc shouts!
There is a stone staircase leading up here.
The bat barely misses you. The bat hits you. The orc barely misses you.
The orc hits you with a mace!
* * * LOW HITPOINT WARNING * * *
The orc misses you. The hobgoblin closely misses you.
You climb upwards.
There is a stone staircase leading down here.
A red film seems to cover your vision as you go berserk!
You feel yourself moving faster!
You feel mighty!
You are starving!
The bat closely misses you. x2; The orc barely misses you.
The orc hits you with a mace.
* * * LOW HITPOINT WARNING * * *
The orc hits you with a mace!
You die...

.##.........#..........#......##.
.#..##.####..............#....#..
.#.###..#............####........
.#.####.....###.#...####.........
##.#........###.#...........#....
...#.###........#..#.#...##.#....
.....# #.....##.##.#...####.##...
###### #....###o##.##..##....##..
# #.....##.@b........##...#.
#.....##ogo....##..####... ##
#......#.......##..# ###. .#####
#####)........###..# ## .....##
#...#......##.######## ####..####
##..####.#.........#.. #
##....#####.####..............
########..........##.............
.#...# #####..>##..>#............


You could see 3 orcs, a hobgoblin and a bat.

Vanquished Creatures
  4 adders (D:2)
  A worm (D:2)
  4 dart slugs
  3 leopard geckos
  An orc (D:2)
  2 giant cockroaches (D:2)
  5 hobgoblins
  A quokka (D:2)
  A bat (D:2)
  4 goblins
  6 kobolds
  A rat (D:2)
33 creatures vanquished.

Notes
Turn   | Place    | Note
-------+----------+-------------------------------------------
     0 | D:1      | Fang the Gargoyle Berserker began the quest for the Orb.
     0 | D:1      | Reached XP level 1. HP: 14/14 MP: 1/1
   225 | D:1      | Reached XP level 2. HP: 19/19 MP: 2/2
   999 | D:2      | Reached XP level 3. HP: 21/24 MP: 3/3
  1393 | D:2      | Reached ** piety under Trog
  1406 | D:2      | Reached skill level 4 in Fighting
  1406 | D:2      | Reached XP level 4. HP: 19/29 MP: 4/4
  1619 | D:2      | Found a hide-covered altar of Uskayaw.
  2015 | D:2      | Slain by an orc

Skill      XL: |  1  2  3 |
---------------+----------+-----
Axes           | 3 |  3.8
Fighting       | 4 |  4.0
Armour         | |  2.3
Dodging        | |  1.9
Stealth        | |  0.6

Action                   |  1- 3 |  4- 6 || total
-------------------------+-------+-------++-------
Melee: Hand axe          |    77 |    41 ||   118
Invok: Berserk           |       |     1 ||     1
  Eat: Chunk             |     1 |     1 ||     2
Armor: Animal skin       |    31 |    18 ||    49
Dodge: Dodged            |    52 |    37 ||    89
